 Dungeon Crawl Stone Soup version 0.26.1-11-gd32895ea62 (webtiles) character file.

Game seed: 8373042966849120682

21975 Sopht the Carver (level 12, -14/115 HPs)
             Began as a Tengu Berserker on Aug 15, 2021.
             Was a High Priest of Trog.
             Demolished by a freezing wraith (20 damage)
             ... in an ice cave on Aug 16, 2021.
             The game lasted 01:48:11 (15857 turns).

Sopht the Carver (Tengu Berserker)                 Turns: 15857, Time: 01:48:11

Health: -14/115    AC: 11    Str: 21    XL:     12   Next: 95%
Magic:  12/13      EV: 20    Int:  8    God:    Trog [*****.]
Gold:   549        SH:  7    Dex: 17    Spells: 11/11 levels left

rFire    + . .     SeeInvis .   H - +4 long sword
rCold    . . .     Faith    .   y - +2 buckler
rNeg     . . .     Spirit   .   r - +3 ring mail
rPois    +         Reflect  .   (helmet restricted)
rElec    .         Harm     .   I - +0 cloak {rPois}
rCorr    .         Rampage  .   (no gloves)
Will     +++..                  (boots unavailable)
Stlth    ..........             q - amulet of regeneration
HPRegen  1.69/turn              h - ring of willpower
MPRegen  0.13/turn              E - ring of stealth

@: mighty, brilliant, berserking, flying quickly and evasively, regenerating,
hasted and slowed, quick
A: beak, talons 3, thin skeletal structure 1, fire resistance 1, MP-powered
wands, able to fly
a: Stop Flying, Renounce Religion, Berserk, Trog's Hand, Brothers in Arms


You were in an ice cave.
You worshipped Trog.
Trog was extremely pleased with you.
You visited 2 branches of the dungeon, and saw 13 of its levels.
You visited the Abyss 1 time.
You also visited: Ice Cave.

You collected 794 gold pieces.
You spent 245 gold pieces at shops.

Inventory:

Hand Weapons
 u - the +12 hand axe of Wywanepn {holy, *Drain Will+ Int-4 Dex+6}
   (You found it on level 5 of the Dungeon)

   It has been blessed by the Shining One to cause great damage to the undead
   and demons.
   It affects your intelligence (-4).
   It affects your dexterity (+6).
   It affects your willpower, your defense against some magical effects.
   It causes draining when unequipped.
 w - the +1 morningstar of Misery {vorpal, Fragile rElec Int+3 Stlth+}
   (You found it on level 6 of the Dungeon)

   It inflicts extra damage upon your enemies.
   It affects your intelligence (+3).
   It insulates you from electricity.
   It will be destroyed if unequipped.
   It makes you more stealthy.
 D - a +3 halberd
 H - a +4 long sword (weapon)
Missiles
 i - 41 poisoned darts
 Q - 6 curare-tipped darts
Armour
 n - a +0 ring mail
 o - a +2 leather armour of willpower
 r - a +3 ring mail (worn)
 x - +0 acid dragon scales
 y - a +2 buckler (worn)
 C - a cursed +0 robe
 I - a +0 cloak of poison resistance (worn)
Jewellery
 b - a +6 ring of intelligence
 h - a ring of willpower (left hand)
 q - an amulet of regeneration (around neck)
 s - an uncursed ring of positive energy
 B - a +6 ring of strength
 E - a ring of stealth (right hand)
 G - a +6 ring of intelligence
 J - an uncursed ring of protection from fire {unknown}
 L - an uncursed ring of magical power
 M - a +4 ring of protection
 P - an uncursed ring of magical power
Wands
 f - a wand of iceblast (24)
 g - a wand of polymorph (20)
 k - a wand of flame (11) (quivered)
 l - a wand of digging (5)
 t - a wand of paralysis (2)
 z - a wand of enslavement (19)
Scrolls
 a - a scroll of fog
 e - 4 scrolls of fear
 j - 3 scrolls of immolation
 m - a scroll of blinking
 p - 3 scrolls of teleportation
 K - a scroll of holy word {unknown}
Potions
 c - a potion of haste
 d - 6 potions of curing
 v - 3 potions of lignification
 A - a potion of might
 F - a potion of brilliance
 N - 7 potions of ambrosia
 O - a potion of heal wounds
 R - a potion of resistance


   Skills:
 + Level 10.0 Fighting
 + Level 14.0 Long Blades
 + Level 2.6 Maces & Flails
 + Level 8.5 Armour
 + Level 8.7 Dodging
 + Level 7.7 Stealth
 + Level 3.8 Shields
 + Level 2.5 Evocations


You had 11 spell levels left.
You didn't know any spells.
Your spell library was empty.

Dungeon Overview and Level Annotations

Branches:
Dungeon (11/15)            Temple (0/1) D:4            Lair (2/6) D:10
    Orc (0/2) D:10          IceCv (1/1)
  Swamp: Lair:2-4    Shoals: Lair:2-4     Snake: Lair:2-4    Spider: Lair:2-4

Altars:
Ashenzari
Cheibriados
Elyvilon
Kikubaaqudgha
Nemelex Xobeh
Okawaru
Trog
Wu Jian
The Shining One

Shops:
D:4 =

Portals:
Abyss: D:4

Annotations:
D:7 3 runed translucent doors, vvl's ghost, novice DsFi


Innate Abilities, Weirdness & Mutations

You have a beak for a mouth.
You have claws for feet.
You can fly continuously.
You have a somewhat thin skeletal structure. (Dex +2, Stealth)
Your flesh is heat resistant. (rF+)
You expend magic power (3 MP) to strengthen your wands.


Message History

It was a potion of brilliance.
You feel clever all of a sudden. The freezing wraith closely misses you.
You block the freezing wraith's attack.
As you read the scroll of fear, it crumbles to dust.
You assume a fearsome visage.
The freezing wraith is unaffected.
The freezing wraith closely misses you.
You riposte.
You hit the freezing wraith. Your kick misses the freezing wraith.
Your peck misses the freezing wraith.
The freezing wraith is lightly damaged.
The freezing wraith hits you but does no damage.
You closely miss the freezing wraith. You claw the freezing wraith!
You peck the freezing wraith.
The freezing wraith is moderately damaged.
You block the freezing wraith's attack. The freezing wraith hits you.
* * * LOW HITPOINT WARNING * * *
A red film seems to cover your vision as you go berserk!
You feel yourself moving faster!
You feel mighty! The freezing wraith hits you!
* * * LOW HITPOINT WARNING * * *
The freezing wraith freezes you!!
You die...

### #...##
##.## ##..##
#...## #..##
#....####..#
#..#...#...#
#..##.....##
##.###...##
#..######
##.@# #.W.#
##...#
##...# #...#
#..# ...
#...


You could see a freezing wraith.

Vanquished Creatures
  Josephine (D:10)
  A boulder beetle (D:6)
  Psyche (D:10)
  3 death yaks (D:10)
  Sonja (Lair:1)
  An unseen horror (D:11)
  An ugly thing (D:11)
  3 cane toads
  A freezing wraith (IceCv)
  A gargoyle (D:9)
  Maggie (D:6)
  A komodo dragon (Lair:1)
  The ghost of Eryximachus the Firebug, a novice DEFE of Vehumet (D:4)
  A queen bee (Lair:1)
  A polar bear (Lair:1)
  Prince Ribbit (D:5)
  3 small abominations (D:4)
  A vampire (D:10)
  20 yaks
  4 wraiths
  2 wyverns
  Menkaure (D:4)
  6 water moccasins
  8 ice beasts
  4 orc warriors
  3 black bears
  2 phantoms
  5 sky beasts
  9 wolves
  9 ogres
  7 centaurs
  A big kobold (D:4)
  11 bullfrogs
  A wyvern skeleton (D:7)
  4 scorpions
  3 elephant simulacra (IceCv)
  22 killer bees (Lair:1)
  2 electric eels (Lair:1)
  6 howler monkeys
  18 wights
  A centaur zombie (D:5)
  2 crimson imps
  3 hounds
  6 orc priests
  3 bullfrog skeletons
  3 centaur skeletons
  7 iguanas
  Jessica (D:2)
  10 orc wizards
  7 worker ants
  A wolf simulacrum (IceCv)
  3 hound zombies
  2 hound skeletons
  2 worker ant zombies
  Robin (D:4)
  A howler monkey skeleton (D:4)
  8 gnolls
  14 adders
  2 shadow imps
  20 white imps
  2 ufetubi
  2 adder skeletons
  An adder zombie (D:6)
  A worm (D:3)
  A dart slug (D:4)
  8 leopard geckos
  34 orcs
  3 ball pythons
  13 bats
  4 giant cockroaches
  13 goblins
  9 hobgoblins
  10 jackals
  10 kobolds
  3 quokkas
  4 frilled lizards
  A goblin skeleton (D:7)
  3 hobgoblin zombies (D:7)
  A kobold zombie (D:7)
  A leopard gecko skeleton (D:4)
  An orc zombie (D:7)
  A quokka skeleton (D:5)
  A quokka zombie (D:10)
  9 rats
405 creatures vanquished.

Vanquished Creatures (collateral kills)
  An orc warrior (D:10)
  An ogre (D:10)
  A killer bee (Lair:1)
  An orc priest (D:10)
  An orc wizard (D:10)
5 creatures vanquished.

Vanquished Creatures (others)
  2 killer bees (Lair:1)
  An orc priest (D:11)
  4 fungi (Lair:2)
  3 plants
10 creatures vanquished.

Grand Total: 420 creatures vanquished

Notes
Turn   | Place    | Note
-------+----------+-------------------------------------------
     0 | D:1      | Sopht the Tengu Berserker began the quest for the Orb.
     0 | D:1      | Reached XP level 1. HP: 14/14 MP: 2/2
   222 | D:1      | Reached XP level 2. HP: 15/19 MP: 3/3
   489 | D:1      | Reached XP level 3. HP: 22/23 MP: 4/4
  1226 | D:2      | Reached skill level 4 in Long Blades
  1334 | D:2      | Noticed Jessica
  1360 | D:2      | Killed Jessica
  1361 | D:2      | Reached XP level 4. HP: 13/29 MP: 5/5
  1591 | D:2      | Reached ** piety under Trog
  1650 | D:2      | Found a broken altar of Ashenzari.
  1818 | D:2      | You fall into a shaft and drop 2 floors!
  2416 | D:3      | Found a bloodstained altar of Trog.
  2416 | D:3      | Found an ancient bone altar of Kikubaaqudgha.
  2441 | D:3      | Gained mutation: You can fly continuously. [Tengu growth]
  2441 | D:3      | Reached XP level 5. HP: 24/33 MP: 6/6
  2977 | D:3      | Reached skill level 5 in Long Blades
  3548 | D:4      | Noticed Robin
  3557 | D:4      | Killed Robin
  3594 | D:4      | Reached skill level 1 in Maces & Flails
  3594 | D:4      | Reached XP level 6. HP: 19/38 MP: 7/7
  3648 | D:4      | Noticed Menkaure
  3659 | D:4      | Killed Menkaure
  3660 | D:4      | Reached skill level 1 in Stealth
  3697 | D:4      | Found Wechepsa's Jewellery Shoppe.
  3916 | D:4      | Reached XP level 7. HP: 29/44 MP: 8/8
  3988 | D:4      | Found a one-way gate to the infinite horrors of the Abyss.
  3988 | D:4      | Noticed Eryximachus's ghost (novice DEFE)
  3998 | D:4      | Found a transporter.
  4069 | D:4      | Found a transporter.
  4069 | D:4      | Noticed a small abomination
  4162 | D:4      | Reached skill level 6 in Long Blades
  4184 | D:4      | Found a staircase to the Ecumenical Temple.
  4515 | D:5      | Entered Level 5 of the Dungeon
  4738 | D:5      | Noticed Prince Ribbit
  4759 | D:5      | Killed Prince Ribbit
  4760 | D:5      | Reached XP level 8. HP: 33/48 MP: 9/9
  4854 | D:5      | Reached skill level 5 in Fighting
  5001 | D:5      | Found an ornate altar of the Wu Jian Council.
  5118 | D:5      | Reached skill level 5 in Dodging
  5143 | D:5      | Reached skill level 7 in Long Blades
  5327 | D:5      | Reached *** piety under Trog
  5485 | D:5      | Got a jewelled hand axe
  5491 | D:5      | Identified the +12 hand axe of Wywanepn {holy, *Drain Will+
                  | Int-4 Dex+6} (You found it on level 5 of the Dungeon)
  5648 | D:6      | Reached skill level 8 in Long Blades
  5655 | D:6      | Got a pitted morningstar
  5812 | D:6      | Reached skill level 5 in Armour
  5812 | D:6      | Reached XP level 9. HP: 55/55 MP: 10/10
  5939 | D:6      | Noticed Maggie
  5949 | D:6      | Killed Maggie
  5950 | D:6      | Reached skill level 9 in Long Blades
  6166 | D:6      | Noticed a boulder beetle
  6197 | D:6      | Gained mutation: You have a somewhat thin skeletal
                  | structure. (Dex +2, Stealth) [potion of mutation]
  6197 | D:6      | Gained mutation: Your flesh is heat resistant. (rF+)
                  | [potion of mutation]
  6197 | D:6      | Gained mutation: You expend magic power (3 MP) to
                  | strengthen your wands. [potion of mutation]
  6204 | D:6      | HP: 1/84 [boulder beetle (9)]
  6240 | D:6      | Killed a boulder beetle
  6241 | D:6      | Reached skill level 10 in Long Blades
  6278 | D:6      | Reached XP level 10. HP: 63/63 MP: 11/11
  6541 | D:6      | Identified the +1 morningstar of Misery {vorpal, Fragile
                  | rElec Int+3 Stlth+} (You found it on level 6 of the
                  | Dungeon)
  6805 | D:7      | Found a glowing golden altar of the Shining One.
  6892 | D:7      | Found a runed translucent gate.
  6893 | D:7      | Found a runed translucent gate.
  6893 | D:7      | Found a runed translucent gate.
  6895 | D:7      | Noticed vvl's ghost (novice DsFi)
  7694 | D:7      | Found a snail-covered altar of Cheibriados.
  8716 | D:5      | Found an iron altar of Okawaru.
  8716 | D:5      | Found a sparkling altar of Nemelex Xobeh.
  8854 | D:4      | Reached skill level 1 in Evocations
  8916 | D:4      | Killed Eryximachus's ghost
  8917 | D:4      | Reached skill level 11 in Long Blades
  8975 | D:4      | Cast into level 1 of the Abyss (big kobold)
  8990 | Abyss:1  | Found a corrupted altar of Lugonu.
  9069 | Abyss:1  | Noticed a thrashing horror
  9162 | D:4      | Escaped the Abyss
  9973 | D:4      | Bought an uncursed ring of stealth for 245 gold pieces
 10232 | D:8      | Found a white marble altar of Elyvilon.
 11105 | D:9      | Reached **** piety under Trog
 11824 | D:9      | Found a white marble altar of Elyvilon.
 11907 | D:9      | Noticed a gargoyle
 11915 | D:9      | Killed a gargoyle
 11916 | D:9      | Reached XP level 11. HP: 68/68 MP: 12/12
 12095 | D:9      | Reached skill level 12 in Long Blades
 12426 | D:10     | Entered Level 10 of the Dungeon
 12437 | D:10     | Found a staircase to the Lair.
 12448 | D:10     | Noticed a death yak
 12460 | D:10     | Noticed a death yak
 12466 | D:10     | Noticed a death yak
 12472 | D:10     | Reached skill level 5 in Stealth
 12484 | D:10     | Killed a death yak
 12493 | D:10     | Killed a death yak
 12494 | D:10     | Reached skill level 1 in Shields
 12506 | D:10     | Killed a death yak
 12613 | D:10     | Noticed a purple ugly thing
 12613 | D:10     | Noticed an ogre mage
 12613 | D:10     | Noticed a skeletal warrior
 12634 | D:10     | Noticed a cyclops
 12696 | D:10     | Noticed Josephine
 12710 | D:10     | Killed Josephine
 12922 | D:10     | Found a staircase to the Orcish Mines.
 12968 | D:10     | Noticed Maurice
 12968 | D:10     | Noticed Psyche
 12986 | D:10     | Noticed Maurice
 12986 | D:10     | Maurice changed into Maurice the wolf
 12991 | D:10     | Killed Maurice the wolf
 13001 | D:10     | Killed Psyche
 13002 | D:10     | Reached skill level 13 in Long Blades
 13337 | D:11     | Reached XP level 12. HP: 75/75 MP: 13/13
 14174 | Lair:1   | Entered Level 1 of the Lair of Beasts
 14279 | Lair:1   | Reached ***** piety under Trog
 15199 | Lair:1   | Noticed Sonja
 15206 | Lair:1   | Killed Sonja
 15709 | Lair:2   | Found a frozen archway.
 15750 | Lair:2   | Reached skill level 10 in Fighting
 15752 | IceCv    | Entered an ice cave
 15795 | IceCv    | Reached skill level 14 in Long Blades
 15857 | IceCv    | Demolished by a freezing wraith

Illustrated notes

Levels and vault maps discovered:
D:1:      dpeg_arrival_houses_and_road, layout_basic,
          chequers_serial_rivers_large_b, minmay_misc_feat_nine_boxes,
          corexii_hall_statues_l
D:2:      layout_loops_ring, lemuel_round_altar, uniq_jessica
D:3:      minmay_evil_eye, layout_basic,
          chequers_temple_overflow_statue_of_worship
D:4:      layout_loops_ring, minmay_temple_entry_offerings,
          gammafunk_ghost_abyssal_escape, serial_shops, kennysheep_mini,
          minmay_misc_feat_rows, uniq_menkaure, uniq_robin
D:5:      kennysheep_spiral_hall, layout_basic, gammafunk_temple_overflow_wave,
          basic_altar, serial_curves, eino_curves_02, eino_curves_04,
          uniq_prince_ribbit1
D:6:      layout_basic, hangedman_minor_gate_pass, uniq_maggie
D:7:      minmay_octagon_keep, layout_basic, nicolae_tso_besieged_by_evil,
          gammafunk_ghost_necromancy, serial_corexii_hall,
          chequers_hall_statues_wall_a, corexii_hall_statues_s, basic_altar
D:8:      layout_basic, elyvilon_altar_3
D:9:      layout_stronghold, basic_altar
D:10:     layout_rooms, dpeg_lair_monsters, orc_0_dummy, minivault_12,
          uniq_maurice, uniq_josephine, uniq_psyche
D:11:     layout_basic
Lair:1:   layout_gridlike, special_room [special_room_bee], grunt_megastairs_4,
          infiniplex_staircase_pool_2, serial_bayou_shore_a, uniq_sonja
Lair:2:   layout_roguey, portal_ice_cave_entry_imps
IceCv:    ice_cave_small_necro

Skill      XL: |  1  2  3  4  5  6  7  8  9 10 11 12 |
---------------+-------------------------------------+-----
Long Blades    | 4 5 6 8 10 11 13 14 | 14.0
Dodging        | 3 4 5 6 7 8 |  8.7
Fighting       | 4 5 7 8 10 | 10.0
Maces & Flails | 1 2 |  2.6
Stealth        | 1 2 4 6 7 |  7.7
Armour         | 3 5 6 7 8 |  8.5
Evocations     | 1 2 |  2.5
Shields        | 2 3 |  3.8

Action                   |  1- 3 |  4- 6 |  7- 9 | 10-12 || total
-------------------------+-------+-------+-------+-------++-------
Melee: Falchion          |    48 |    82 |   243 |   197 ||   570
       Kick              |    16 |    45 |    93 |   348 ||   502
       Peck              |     8 |    11 |    50 |   237 ||   306
       Club              |       |    40 |       |       ||    40
       Long sword        |       |       |       |   571 ||   571
       Hand axe          |       |       |       |     6 ||     6
Invok: Berserk           |     1 |     2 |     7 |     7 ||    17
       Trog's Hand       |       |     6 |    10 |    21 ||    37
 Abil: Fly               |       |     1 |       |       ||     1
Evoke: Wand              |       |       |       |    29 ||    29
  Use: Scroll            |       |     6 |     2 |    10 ||    18
       Potion            |       |     3 |     8 |    10 ||    21
 Stab: Sleeping          |       |     1 |     1 |    13 ||    15
       Paralysed         |       |       |       |    18 ||    18
       Distracted        |       |       |       |     1 ||     1
Armor: Animal skin       |    10 |    12 |       |       ||    22
       Leather armour    |       |     3 |     2 |       ||     5
       Ring mail         |       |     9 |    33 |   135 ||   177
       Skin              |       |       |    23 |       ||    23
Dodge: Dodged            |    46 |   104 |   136 |   460 ||   746
Block: Buckler           |       |       |       |   147 ||   147
       Rpst.: Falchion   |    15 |    18 |    43 |    30 ||   106
       Long sword        |       |       |       |   105 ||   105
